AoeStats
← crypto_zhupel

Arena

504537216Analyzed
2v2 RM · 26d ago on Sep 5, 2026· 39m 13s· 4 players
Game mode
Random Map
Map size
Medium (4 player)
Population
200
Speed
Normal
Resources
Standard
Victory
Conquest
Starting age
Dark Age
Ending age
Imperial Age
RankedLock teamsTeams togetherTeam positionsShared explorationLock speedFull tech treeHidden civsTurbo modeCheats
Victory
Defeat
🇹🇷 Ethiopians · Türkiye
1474
+13
🇬🇧 Lithuanians · United Kingdom
1383
+18
🇷🇺 Teutons · Russia
1422
-16
🇷🇺 Maya · Russia
1402
-15
crypto_zhupel
0:30 Loom
9:25 Feudal Age
15:16 Horse Collar
15:24 Double-Bit Axe
15:22 Horse Collar
17:02 Wheelbarrow
17:45 Town Watch
22:08 Castle Age
youteGG_mangoneluser
10:50 Feudal Age
14:46 Castle Age
12:43 Double-Bit Axe
16:06 Bow Saw
17:54 Wheelbarrow
18:25 Loom
27:21 Imperial Age
25:07 Scale Mail Armor
25:18 Forging
25:55 Hand Cart
25:38 Gold Mining
25:14 Pikeman
25:54 Squires
27:33 Horse Collar
28:31 Siege Engineers
29:53 Halberdier
30:18 Gambesons
30:37 Stone Mining
30:58 Arrowslits
32:42 Chemistry
33:21 Masonry
34:17 Chain Mail Armor
34:37 Iron Casting
35:53 Plate Mail Armor
36:09 Scale Barding Armor
37:37 Blast Furnace
36:44 Onager
elitedurasteel
10:49 Feudal Age
14:45 Castle Age
15:48 Double-Bit Axe
21:13 Horse Collar
23:33 Loom
23:56 Heavy Plow
24:38 Wheelbarrow
26:15 Bow Saw
30:49 Imperial Age
29:16 Scale Barding Armor
29:28 Stone Mining
29:29 Gold Mining
30:49 Bloodlines
30:40 Husbandry
30:00 Light Cavalry
31:14 Chain Barding Armor
32:04 Winged Hussar
32:44 Elite Skirmisher
34:19 Conscription
35:15 Fletching
36:28 Tower Shields
36:59 Ballistics
37:04 Thumb Ring
38:12 Bodkin Arrow
40:15 Chemistry
Çıkmaz Sokak
9:05 Feudal Age
13:29 Castle Age
12:43 Double-Bit Axe
13:55 Loom
15:44 Horse Collar
20:54 Scale Mail Armor
25:33 Wheelbarrow
26:07 Bow Saw
25:48 Gold Mining
26:15 Bow Saw
31:40 Imperial Age
29:02 Stone Mining
30:17 Gold Shaft Mining
31:23 Stone Shaft Mining
30:39 Fletching
30:50 Padded Archer Armor
31:48 Bodkin Arrow
31:31 Crossbowman
32:32 Thumb Ring
34:25 Chemistry
33:45 Ballistics
34:55 Bracer
38:16 Siege Engineers
38:43 Leather Archer Armor
Connection lost

Rejoining the realm…

Still unreachable

The connection could not be restored.

Session expired

The server has moved on; the page needs a fresh start.